 Dungeon Crawl Stone Soup version 0.29.1-15-g9cfb28693d (webtiles) character file.

Game seed: 2474915330516567188

8574 hawla the Placeless Cat (level 11, -2/44 HPs)
             Began as a Felid Conjurer on Apr 9, 2023.
             Was a High Priest of Vehumet.
             Shot with a sling bullet by a minotaur (4 damage)
             ... in a Gauntlet.
             The game lasted 00:39:26 (13195 turns).

hawla the Placeless Cat (Felid Conjurer)           Turns: 13195, Time: 00:39:26

Health: -2/44      AC:  3    Str:  3    XL:     11   Next: 11%
Magic:  16/26      EV: 21    Int: 30    God:    Vehumet [*****.]
Gold:   329        SH:  0    Dex: 15    Spells: 1/30 levels left
                                        Lives:  0   Deaths: 2

rFire   . . .      SeeInvis +     - Unarmed
rCold   + . .      Faith    .   (shield unavailable)
rNeg    . . .      Spirit   .   (body armour unavailable)
rPois   .          Reflect  .   (helmet unavailable)
rElec   .          Harm     .   (cloak unavailable)
rCorr   .          Rampage  .   (gloves unavailable)
Will    +....      Rage     3%  (boots unavailable)
Stlth   ++........ NoTele   +   l - amulet of magic regeneration
HPRegen 0.14/turn               d - ring of Caupsang {Int+6 Slay+4 Stlth-}
MPRegen 0.60/turn               (no ring)

@: quick
A: very small, claws 1, fangs 3, see invisible, speed 1, shaggy fur 3, stealthy
paws, no weapons or thrown items, no armour, multi-lived, berserk 1, passive
freeze, wild magic 1
a: Renounce Religion


You were in a Gauntlet.
You worshipped Vehumet.
Vehumet was extremely pleased with you.
You visited 2 branches of the dungeon, and saw 11 of its levels.
You also visited: Gauntlet.

You collected 806 gold pieces.
You spent 477 gold pieces at shops.

Inventory:

Jewellery
 d - the ring of Caupsang (left paw) {Int+6 Slay+4 Stlth-}
   (You acquired it on level 3 of the Dungeon)

   [ring of intelligence]

   Int:       It affects your intelligence (+6).
   Slay:      It affects your accuracy & damage with ranged weapons and melee
   (+4).
   Stlth:     It makes you less stealthy.
 l - an amulet of magic regeneration (around neck)
 o - a +6 ring of strength
Wands
 a - a wand of flame (23) (quivered)
 s - a wand of paralysis (10)
Scrolls
 g - 3 scrolls of identify
 h - 3 scrolls of immolation
Potions
 b - 5 potions of curing
 i - 3 potions of attraction
 k - 4 potions of brilliance
 m - a potion of mutation
 p - 2 potions of might
 t - 2 potions of resistance


   Skills:
 + Level 2.9 Fighting
 + Level 7.6 Dodging
 + Level 6.4 Stealth
 - Level 4.6 Unarmed Combat
 + Level 10.4 Spellcasting
 + Level 10.6 Conjurations
 + Level 11.2 Translocations
 + Level 2.3 Ice Magic
 + Level 4.7 Air Magic
 + Level 4.6 Evocations


You had one spell level left.
You knew the following spells:

 Your Spells              Type           Power      Damage    Failure   Level
a - Magic Dart            Conj           100%       1d8       1%          1
b - Searing Ray           Conj           100%       2d8       1%          2
c - Iskenderun's Mystic   Conj/Tloc      81%        2d16      1%          4
d - Blink                 Tloc           100%       N/A       1%          2
e - Airstrike             Air            27%        2d(4-20)  2%          4
f - Hailstorm             Conj/Ice       63%        3d13      1%          4
g - Fireball              Conj/Fire      29%        3d13      4%          5
h - Orb of Destruction    Conj           40%        9d11      13%         7

Your spell library contained the following spells:

 Spells                   Type           Power      Damage    Failure   Level
 Shock                    Conj/Air       100%       1d9       1%          1
 Dazzling Flash           Conj/Hex       100%       N/A       1%          3
 Gell's Gravitas          Tloc           82%        N/A       1%          3
 Lesser Beckoning         Tloc           82%        N/A       1%          3
 Teleport Other           Tloc           82%        N/A       1%          3
 Fulminant Prism          Conj/Hex       29%        3d14      1%          4
 Manifold Assault         Tloc           82%        N/A       1%          5
 Swiftness                Air            55%        N/A       2%          3
 Sublimation of Blood     Necr           20%        N/A       8%          2
 Wereblood                Tmut           20%        N/A       8%          2
 Confusing Touch          Hex            20%        N/A       14%         3
 Summon Guardian Golem    Hex/Summ       20%        N/A       14%         3
 Tukima's Dance           Hex            20%        N/A       14%         3
 Yara's Violent Unravell  Hex/Tmut       10%        3d6       28%         5
 Silence                  Hex/Air        19%        N/A       43%         5
 Spellforged Servitor     Conj/Summ      29%        N/A       65%         7
 Agony                    Necr           20%        N/A       75%         5
 Blade Hands              Tmut           10%        N/A       75%         5
 Enfeeble                 Hex            10%        N/A       100%        7
 Storm Form               Tmut/Air       19%        N/A       100%        7
 Summon Hydra             Summ           10%        N/A       100%        7
 Portal Projectile        Hex/Tloc       Unusable   N/A       N/A         3

Dungeon Overview and Level Annotations

Branches:
Dungeon (9/15)             Temple (0/1) D:6             Orc (2/2) D:9
    Elf (0/3) Orc:2       Gauntlet (1/1)
   Lair: D:8-11

Altars:
Elyvilon
Fedhas
Kikubaaqudgha
Uskayaw
Vehumet
Xom
Yredelemnul

Shops:
D:6 *   D:7 !

Annotations:
Orc:2 Rupert Gauntlet 8 transporters, 2 runed translucent doors


Innate Abilities, Weirdness & Mutations

You have sharp claws.
You have razor-sharp teeth.
You have supernaturally acute eyesight. (SInv)
You cover ground quickly. (Speed+)
Your thick and shaggy fur keeps you warm. (AC +3, rC+)
Your paws help you pounce on unaware monsters.
You are incapable of wielding weapons or throwing items.
You cannot wear armour.
You gain extra lives every three experience levels.
You sometimes lose your temper in combat.
A frigid envelope surrounds you and freezes all who hurt you.
Your spells are a little harder to cast, but a little more powerful.


Message History

Casting: Hailstorm (dangerous; 1% risk of failure)
Press: ? - help, Dir - look around, f - activate A cannonade of hail descends around you!
The hail pelts the minotaur zombie!
The minotaur zombie partially resists.
The minotaur zombie is lightly damaged.
The minotaur bellows!
The minotaur shoots a sling bullet.
The sling bullet closely misses you.
Casting: Hailstorm (dangerous; 1% risk of failure)
Confirm with . or Enter, or press ? or * to list all spells.
Casting: Hailstorm (dangerous; 1% risk of failure)
Press: ? - help, Dir - look around, f - activate A cannonade of hail descends around you!
The hail pelts the minotaur zombie!
The minotaur zombie partially resists.
The minotaur zombie is lightly damaged.
The hail pelts the minotaur zombie!!
The minotaur zombie partially resists.
The minotaur zombie is lightly damaged.
The minotaur shoots a sling bullet.
The sling bullet hits you!!
Unknown command.
Casting: Hailstorm (dangerous; 1% risk of failure)
Confirm with . or Enter, or press ? or * to list all spells.
You erupt in a blast of force!
The mystic blast hits the minotaur zombie!!
The minotaur zombie is moderately damaged.
The minotaur zombie is knocked back by the mystic blast.
The minotaur zombie slams into the rock wall!
The minotaur zombie is heavily damaged.
The mystic blast hits the minotaur zombie.
The minotaur zombie is moderately damaged.
The minotaur zombie is knocked back by the mystic blast.
Aiming: Quicksilver Bolt
Press: ? - help, Shift-Dir - straight line, f - minotaur zombie
Aim: a minotaur zombie (moderately damaged, 94% to hit)
The bolt of dispelling energy hits the minotaur!!
The minotaur is moderately wounded.
The bolt of dispelling energy hits the minotaur zombie!
The minotaur zombie is moderately damaged.
The now-empty wand crumbles to dust.
The minotaur shoots a sling bullet.
The sling bullet hits you!!
* * * LOW HITPOINT WARNING * * *
You die...

############.........############
##...©.©.©...## #.............#
###.###.###.### ###.###.###.###
#.............# #.###.###.###.#
#.............# #######@#######
#.# ∩.. ..HZ' '⌠...## ##..Z.#
###+##


You could see a minotaur and 2 minotaur zombies.

Vanquished Creatures
  4 ogre magi (Orc:2)
  A hell beast (Gauntlet)
  13 two-headed ogres
  4 trolls
  A queen bee (Gauntlet)
  A raiju (Gauntlet)
  A wyvern (D:8)
  3 steam dragons (D:9)
  Eustachio (D:6)
  2 water moccasins
  An acid dragon (D:9)
  2 hell hounds (Gauntlet)
  9 orc warriors
  3 sky beasts
  A black bear (D:6)
  24 ogres
  4 centaurs
  A phantom (D:6)
  4 kobold brigands
  A necrophage (D:5)
  A gnoll sergeant (D:5)
  8 bullfrogs
  5 scorpions
  15 wights
  12 killer bees
  A howler monkey (D:5)
  An electric eel (D:8)
  7 hounds
  4 orc priests
  A jelly (D:6)
  Jessica (D:3)
  5 iguanas
  A lightning spire (Gauntlet)
  6 orc wizards
  8 gnolls
  15 adders
  A shadow imp (D:4)
  A white imp (D:6)
  2 ufetubi
  A dart slug (D:5)
  38 orcs
  2 endoplasms
  5 giant cockroaches
  11 goblins
  8 hobgoblins
  4 jackals (D:2)
  3 quokkas
  12 ball pythons
  6 bats
  A frilled lizard (D:2)
  29 kobolds
  4 rats
300 creatures vanquished.

Vanquished Creatures (others)
  13 demonic plants (Gauntlet)
13 creatures vanquished.

Grand Total: 313 creatures vanquished

Notes
Turn   | Place    | Note
-------+----------+-------------------------------------------
     0 | D:1      | hawla the Felid Conjurer began the quest for the Orb.
     0 | D:1      | Reached XP level 1. HP: 7/7 MP: 4/4
   767 | D:1      | Reached XP level 2. HP: 11/11 MP: 3/6
   770 | D:1      | Learned a level 2 spell: Searing Ray
  1690 | D:2      | Found a faded altar of an unknown god.
  1835 | D:2      | Reached XP level 3. HP: 13/14 MP: 3/7
  2442 | D:3      | Identified a scroll of acquirement
  2442 | D:3      | Acquired the ring of Caupsang {Int+6 Slay+4 Stlth-}
  2484 | D:3      | Identified the +8 hand axe "Uge Mux" {freeze, rN+++ Dex-3}
  2543 | D:3      | Reached skill level 1 in Unarmed Combat
  2543 | D:3      | Reached XP level 4. HP: 14/18 MP: 0/8
  2548 | D:3      | Learned a level 4 spell: Iskenderun's Mystic Blast
  3179 | D:3      | Reached skill level 1 in Translocations
  3289 | D:3      | Reached skill level 2 in Translocations
  3377 | D:3      | Reached skill level 3 in Translocations
  3560 | D:3      | Noticed Jessica
  3563 | D:3      | Killed Jessica
  3564 | D:3      | Reached XP level 5. HP: 21/21 MP: 4/9
  3626 | D:3      | Reached skill level 4 in Translocations
  4472 | D:4      | Identified the +0 robe "Loud" {Int+8 Dex-5 Archmagi}
  4555 | D:4      | Gained mutation: You are covered in thick fur. (AC +2)
                  | [Felid growth]
  4555 | D:4      | Reached XP level 6. HP: 19/24 MP: 5/10
  4965 | D:5      | Entered Level 5 of the Dungeon
  4968 | D:5      | Gained mutation: You sometimes lose your temper in combat.
                  | [potion of mutation]
  4968 | D:5      | Gained mutation: You occasionally lose the ability to drink
                  | potions when taking damage. [potion of mutation]
  4968 | D:5      | Gained mutation: A frigid envelope surrounds you and
                  | freezes all who hurt you. [potion of mutation]
  4968 | D:5      | Gained mutation: You are partially covered in large bone
                  | plates. (SH +4) [potion of mutation]
  5273 | D:5      | Reached skill level 1 in Fighting
  5273 | D:5      | Reached XP level 7. HP: 28/28 MP: 6/12
  5276 | D:5      | Learned a level 2 spell: Blink
  5395 | D:5      | Found a radiant altar of Vehumet.
  5417 | D:5      | Became a worshipper of Vehumet
  5454 | D:5      | Reached skill level 5 in Conjurations
  5527 | D:5      | Identified the +8 hand axe of Guile {vorpal, rN+}
  6090 | D:6      | Reached skill level 5 in Stealth
  6148 | D:6      | Reached XP level 8. HP: 28/33 MP: 1/14
  6286 | D:6      | Found Poteb's Neck Hole.
  6319 | D:6      | Reached skill level 5 in Translocations
  6512 | D:6      | Found a basalt altar of Yredelemnul.
  6521 | D:6      | Reached skill level 5 in Dodging
  6833 | D:6      | Learned a level 4 spell: Airstrike
  6961 | D:6      | Noticed Eustachio
  6973 | D:6      | Killed Eustachio
  7307 | D:6      | Found a staircase to the Ecumenical Temple.
  7386 | D:7      | Reached * piety under Vehumet
  7386 | D:7      | Offered knowledge of Foxfire by Vehumet.
  7520 | D:7      | Found a blossoming altar of Fedhas.
  7553 | D:7      | Found a hide-covered altar of Uskayaw.
  7668 | D:7      | Reached XP level 9. HP: 23/36 MP: 1/16
  7894 | D:7      | Found Goohis's Distillery.
  7953 | D:6      | Bought an amulet of magic regeneration for 360 gold pieces
  8572 | D:7      | Bought a potion of curing for 39 gold pieces
  8572 | D:7      | Bought a potion of curing for 39 gold pieces
  8572 | D:7      | Bought a potion of curing for 39 gold pieces
  8641 | D:7      | Reached skill level 5 in Spellcasting
  8820 | D:8      | Offered knowledge of Static Discharge by Vehumet.
  9034 | D:8      | Reached ** piety under Vehumet
  9043 | D:8      | Reached skill level 6 in Translocations
  9629 | D:8      | Found a basalt altar of Yredelemnul.
  9631 | D:8      | Found a shimmering altar of Xom.
  9631 | D:8      | Found a shimmering altar of Xom.
  9633 | D:8      | Found a broken altar of Ashenzari.
  9633 | D:8      | Found a radiant altar of Vehumet.
  9633 | D:8      | Found an ancient bone altar of Kikubaaqudgha.
  9743 | D:8      | Noticed a two-headed ogre
  9759 | D:8      | Killed a two-headed ogre
  9760 | D:8      | Reached XP level 10. HP: 40/40 MP: 8/20
 10141 | D:8      | Lost mutation: You are partially covered in large bone
                  | plates. (SH +4) [potion of mutation]
 10141 | D:8      | Lost mutation: You occasionally lose the ability to drink
                  | potions when taking damage. [potion of mutation]
 10141 | D:8      | Gained mutation: Your thick and shaggy fur keeps you warm.
                  | (AC +3, rC+) [potion of mutation]
 10141 | D:8      | Gained mutation: Your spells are a little harder to cast,
                  | but a little more powerful. [potion of mutation]
 10232 | D:8      | Found a white marble altar of Elyvilon.
 10301 | D:9      | Noticed a two-headed ogre
 10622 | D:9      | Identified the +3 leather armour "Nefru" {rF++ Slay+2}
 10683 | D:9      | Reached skill level 7 in Translocations
 10700 | D:9      | Offered knowledge of Poisonous Vapours by Vehumet.
 10963 | D:9      | HP: 1/40 [poisoned by a kobold]
 10966 | D:9      | Reached *** piety under Vehumet
 11384 | D:9      | Killed a two-headed ogre
 11617 | D:9      | Offered knowledge of Hailstorm by Vehumet.
 12000 | D:9      | Found a staircase to the Orcish Mines.
 12305 | D:9      | Learned a level 4 spell: Hailstorm
 12306 | Orc:1    | Entered Level 1 of the Orcish Mines
 12376 | Orc:2    | Entered Level 2 of the Orcish Mines
 12383 | Orc:2    | Reached skill level 8 in Translocations
 12413 | Orc:2    | Noticed an ogre mage
 12415 | Orc:2    | Reached XP level 11. HP: 31/44 MP: 8/24
 12454 | Orc:2    | Noticed a two-headed ogre
 12468 | Orc:2    | Killed a two-headed ogre
 12488 | Orc:2    | Noticed a two-headed ogre
 12496 | Orc:2    | Killed a two-headed ogre
 12496 | Orc:2    | Reached **** piety under Vehumet
 12497 | Orc:2    | Reached skill level 1 in Ice Magic
 12520 | Orc:2    | Noticed an ogre mage
 12524 | Orc:2    | Killed from afar by an ogre mage
 12525 | Orc:2    | Reached XP level 10. HP: -29/41 MP: 2/23
 12535 | Orc:2    | Noticed an ogre mage
 12537 | Orc:2    | Noticed an ogre mage
 12539 | Orc:2    | Noticed a two-headed ogre
 12540 | Orc:2    | Killed an ogre mage
 12541 | Orc:2    | Paralysed by an ogre mage for 2 turns
 12546 | Orc:2    | Reached skill level 9 in Translocations
 12546 | Orc:2    | Killed an ogre mage
 12546 | Orc:2    | Offered knowledge of Conjure Flame by Vehumet.
 12546 | Orc:2    | Killed a two-headed ogre
 12546 | Orc:2    | Noticed a two-headed ogre
 12547 | Orc:2    | Killed an ogre mage
 12551 | Orc:2    | Killed a two-headed ogre
 12552 | Orc:2    | Reached XP level 11. HP: 44/44 MP: 7/25
 12553 | Orc:2    | Noticed a two-headed ogre
 12559 | Orc:2    | Killed a two-headed ogre
 12559 | Orc:2    | Noticed a two-headed ogre
 12560 | Orc:2    | Noticed a two-headed ogre
 12561 | Orc:2    | Noticed a two-headed ogre
 12562 | Orc:2    | Killed an ogre mage
 12562 | Orc:2    | Noticed a two-headed ogre
 12564 | Orc:2    | Killed a two-headed ogre
 12565 | Orc:2    | Reached skill level 10 in Translocations
 12566 | Orc:2    | Noticed a two-headed ogre
 12566 | Orc:2    | Noticed a two-headed ogre
 12567 | Orc:2    | Killed a two-headed ogre
 12568 | Orc:2    | Reached skill level 10 in Conjurations
 12568 | Orc:2    | Killed a two-headed ogre
 12571 | Orc:2    | Noticed Rupert
 12571 | Orc:2    | Killed a two-headed ogre
 12573 | Orc:2    | Reached skill level 10 in Spellcasting
 12573 | Orc:2    | Killed a two-headed ogre
 12585 | Orc:2    | Killed a two-headed ogre
 12587 | Orc:2    | HP: 2/61 [Rupert/+0 battleaxe of draining (12)]
 12588 | Orc:2    | Shot with a bolt by an orc warrior
 12589 | Orc:2    | Reached XP level 10. HP: -7/55 MP: 21/25
 12608 | Orc:2    | Found a staircase to the Elven Halls.
 12627 | Orc:2    | Found a gate leading to a gauntlet.
 12636 | Gauntlet | Entered a Gauntlet
 12636 | Gauntlet | Found a transporter.
 12636 | Gauntlet | Found a transporter.
 12646 | Gauntlet | Noticed an eye of devastation
 12649 | Gauntlet | Found a transporter.
 12666 | Gauntlet | Found a transporter.
 12666 | Gauntlet | Found a transporter.
 12669 | Gauntlet | Found a transporter.
 12669 | Gauntlet | Found a transporter.
 12670 | Gauntlet | Found a transporter.
 12673 | Gauntlet | Found a runed translucent door.
 12683 | Gauntlet | Found a transporter.
 12694 | Gauntlet | Noticed a spectral wolf spider
 12696 | Gauntlet | Noticed a death drake
 12697 | Gauntlet | Found a transporter.
 12699 | Gauntlet | Found a runed translucent door.
 12708 | Gauntlet | Found a transporter.
 12723 | Gauntlet | Found a transporter.
 12737 | Gauntlet | Noticed a hell beast
 12748 | Gauntlet | Found a transporter.
 12760 | Gauntlet | Noticed a soul eater
 12769 | Gauntlet | Found a transporter.
 12842 | Gauntlet | Reached ***** piety under Vehumet
 12842 | Gauntlet | Offered knowledge of Fireball by Vehumet.
 12856 | Gauntlet | Reached skill level 11 in Translocations
 12856 | Gauntlet | Reached XP level 11. HP: 25/44 MP: 14/26
 12856 | Gauntlet | Killed a hell beast
 13060 | Gauntlet | Learned a level 5 spell: Fireball
 13083 | Gauntlet | Identified the +0 pair of gloves of the Bouncing Wonders
                  | {Str+4}
 13190 | Gauntlet | Learned a level 7 spell: Orb of Destruction
 13190 | Gauntlet | Identified the +10 sling of the Lesser Evil {vorpal, rN+
                  | MP+9}
 13190 | Gauntlet | Noticed a minotaur
 13195 | Gauntlet | HP: 2/44 [minotaur/sling bullet (18)]
 13195 | Gauntlet | Shot with a sling bullet by a minotaur

Illustrated notes

Levels and vault maps discovered:
D:1:      amcnicky_arrival_gap_in_the_tavern_cellar, layout_loops_cross
D:2:      layout_loops_ring, chequers_ecumenical_altar_simple
D:3:      layout_loops_corners, minmay_snake_closets, uniq_jessica
D:4:      minmay_razor_zed, layout_rooms, grunt_decor_arrowhead
D:5:      layout_basic, vehumet_altar_wand_db, lightli_minifort
D:6:      layout_loops_ring, old_standard_altar, temple_green,
          nicolae_shop_sticking_my_neck_out, uniq_eustachio
D:7:      layout_basic, lemuel_coloured_pillars_altar, lemuel_doored_altar,
          serial_shops, shop_coins
D:8:      layout_loops_ring, doesnt_xom_only_xom, nicolae_elyvilon_temple_path
D:9:      layout_long_grid, david_orc_4, minmay_chambers_of_fives
Orc:1:    layout_diamond_mine, minmay_orc_barracks
Orc:2:    st_orc_ogre_mass, layout_caves, gauntlet_entry_generic, serial_shops,
          bzr_entry_gold, uniq_rupert
Gauntlet: gammafunk_gauntlet_mixed_choke_point
          [minmay_gauntlet_arena_77_squiggly, minmay_gauntlet_arena_77_mess,
          minmay_gauntlet_arena_77_p_blocks,
          gammafunk_gauntlet_arena_arrow_garden,
          minmay_gauntlet_arena_77_chump_sandwich,
          minmay_gauntlet_arena_77_shame_cube, minmay_gauntlet_arena_77_box,
          gauntlet_exit_hidden_loot]

Skill      XL: |  1  2  3  4  5  6  7  8  9 10 11 |
---------------+----------------------------------+-----
Conjurations   | 4 5 6 9 10 | 10.6
Stealth        | 3 4 5 6 |  6.4
Dodging        | 3 4 5 6 7 |  7.6
Unarmed Combat | 1 2 4 |  4.6
Translocations | 3 4 5 6 11 10 | 11.2
Fighting       | 1 2 |  2.9
Spellcasting   | 3 4 6 9 10 | 10.4
Air Magic      | 4 |  4.7
Evocations     | 2 3 4 |  4.6
Ice Magic      | 2 |  2.3

Action                   |  1- 3 |  4- 6 |  7- 9 | 10-12 || total
-------------------------+-------+-------+-------+-------++-------
Melee: Unarmed           |    36 |    56 |    55 |    15 ||   162
       Bite              |     3 |     7 |     6 |     3 ||    19
       Punch             |       |     1 |     3 |       ||     4
 Cast: Magic Dart        |    28 |     9 |    25 |    46 ||   108
       Searing Ray       |    10 |    17 |    42 |    34 ||   103
       Iskenderun's Myst |       |     6 |    24 |    73 ||   103
       Blink             |       |       |     2 |     2 ||     4
       Airstrike         |       |       |     3 |     6 ||     9
       Hailstorm         |       |       |       |    20 ||    20
Evoke: Wand              |       |       |     9 |     6 ||    15
  Use: Potion            |     3 |     2 |     3 |    10 ||    18
       Scroll            |     5 |     7 |     4 |     8 ||    24
 Stab: Sleeping          |     4 |       |     1 |       ||     5
Armor: Skin              |     1 |     5 |     7 |    12 ||    25
Dodge: Dodged            |    47 |    48 |    79 |    89 ||   263
Block: Other             |       |     1 |    14 |       ||    15
